Flames vs Blues

Created - December-08-12 at 12:40

Goals
1 2 3 T
Flames 0 0 1 1
Blues 1 2 0 3
Shots
1 2 3 T
Flames 10 6 9 25
Blues 3 11 3 17

1st period

1. Blues , Barret Jackman 3 (Ryan Getzlaf) at 8:29 (PP)

Penalties :
Steve Ott (STL) for Holding (Minor) at 0:05, Mark Streit (STL) for Holding (Minor) at 3:21, Shawn Horcoff (CGY) for Hooking (Minor) at 8:27, Mark Streit (STL) for Fighting (Major) at 13:51, Bryce Salvador (CGY) for Fighting (Major) at 13:51, Brent Burns (STL) for Fighting (Major) at 17:56, Toni Lydman (CGY) for Fighting (Major) at 17:56

2nd period

2. Blues , Ryan Getzlaf 5 (Steve Ott, Sami Salo) at 1:50
3. Blues , Steve Ott 5 (Brent Burns, Ryan Getzlaf) at 5:15

Penalties :
Andrei Markov (STL) for Roughing (Minor) at 7:20, Tomas Kopecky (CGY) for High sticking (Minor) at 10:40, Tomas Kopecky (CGY) for Tripping (Minor) at 16:56

3rd period

4. Flames , Michael Ryder 10 (Dan Boyle, Bryce Salvador) at 3:46

Penalties :
Anze Kopitar (CGY) for Roughing (Minor) at 0:11, Mark Fayne (STL) for Diving (Minor) at 6:15, Yannick Weber (STL) for Hooking (Minor) at 11:34, Alexander Radulov (STL) for High sticking (Minor) at 18:49

Goalie Stats

Miikka Kiprusoff (CGY), 14 saves from 17 shots - (0.824), L, 12-14-3, 60:00 minutes
Ondrej Pavelec (STL), 24 saves from 25 shots - (0.960), W, 13-12-2, 60:00 minutes

Players Stats for Flames

Player Name              G  A  P  +/- PIM S  H  SB GA TA FO     MP     PP MP  PK MP  
------------------------------------------------------------------------------------
Andrew MacDonald         0  0  0  -1  0   0  0  1  0  0  0/0    14:42   0:00   0:00 
Anze Kopitar             0  0  0   0  2   3  0  0  0  0  23/41  23:33   6:16   2:19 
Bryce Salvador           0  1  1   0  5   2  3  0  0  0  0/0    22:27   7:29   3:02 
Cody Hodgson             0  0  0  -1  0   0  1  0  0  0  7/15   14:38   0:00   1:00 
Dan Boyle                0  1  1   0  0   2  0  3  0  0  0/0    26:42   7:29   3:02 
David Jones              0  0  0  -1  0   0  1  0  0  0  0/1    13:38   0:00   0:00 
Erik Johnson             0  0  0  -1  0   0  2  0  0  0  0/0    13:56   0:00   0:00 
Jack Johnson             0  0  0   0  0   1  2  2  0  0  0/0    21:02   3:36   2:57 
Jake Gardiner            0  0  0   0  0   0  0  0  0  0  0/0     2:01   0:00   0:00 
Mark Scheifele           0  0  0   0  0   0  0  0  0  0  0/0     0:00   0:00   0:00 
Michael Grabner          0  0  0  -1  0   4  0  0  0  0  0/4    14:42   0:00   1:04 
Michael Ryder            1  0  1   0  0   5  2  0  0  0  1/5    24:51   6:16   3:36 
Mikael Samuelsson        0  0  0   0  0   1  4  0  0  0  3/5    22:16   6:16   1:36 
Pierre-Marc Bouchard     0  0  0   0  0   3  0  0  0  0  0/2    19:08   4:49   0:00 
Shawn Horcoff            0  0  0   0  2   1  0  0  0  0  10/16  21:30   4:49   2:23 
Stephane Da Costa        0  0  0   0  0   0  0  0  0  0  1/2     0:35   0:00   0:00 
Tomas Kopecky            0  0  0   0  4   2  1  0  0  0  3/3    19:06   4:49   0:00 
Toni Lydman              0  0  0   0  5   1  1  0  0  0  0/0    19:08   3:36   2:57 

Players Stats for Blues

Player Name              G  A  P  +/- PIM S  H  SB GA TA FO     MP     PP MP  PK MP  
------------------------------------------------------------------------------------
Alexander Radulov        0  0  0   0  2   1  1  0  0  0  1/1    10:26   0:00   0:00 
Andrei Markov            0  0  0   1  2   0  2  0  0  0  0/0    16:17   0:00   1:58 
Barret Jackman           1  0  1   0  0   1  0  1  0  0  0/0     5:18   0:02   1:48 
Brad Boyes               0  0  0   0  0   1  0  0  0  0  7/14   13:53   0:00   2:47 
Brenden Morrow           0  0  0   0  0   0  1  0  0  0  0/0     3:33   0:00   0:06 
Brent Burns              0  1  1   1  5   0  5  1  0  0  0/0    20:05   2:10   5:26 
Christopher Higgins      0  0  0   0  0   0  0  0  0  0  0/2    22:35   3:07   3:37 
Jerred Smithson          0  0  0   0  0   0  0  0  0  0  2/2     3:48   0:00   0:21 
Jussi Jokinen            0  0  0   0  0   1  0  0  0  0  12/24  18:58   3:07   0:00 
Kent Huskins             0  0  0  -1  0   1  1  1  0  0  0/0    12:00   1:03   3:15 
Mark Fayne               0  0  0   0  2   3  3  0  0  0  0/0    20:39   2:44   0:00 
Mark Streit              0  0  0  -1  7   1  0  0  0  0  0/0    22:10   3:49   4:17 
Rick Nash                0  0  0   1  0   3  0  0  0  0  6/20   26:00   2:52   6:30 
Ryan Getzlaf             1  2  3   1  0   1  2  0  0  0  17/28  23:25   2:52   7:22 
Sami Salo                0  1  1   2  0   1  2  1  0  0  0/0    22:31   2:10   5:26 
Steve Ott                1  1  2   1  2   2  1  0  0  0  1/2    17:29   2:52   1:27 
Todd Bertuzzi            0  0  0   0  0   1  0  0  0  0  0/1    18:58   3:07   0:00 
Yannick Weber            0  0  0   0  2   0  1  0  0  0  0/0    10:42   0:00   0:00 

3 Stars

1 - Ryan Getzlaf (STL)
2 - Ondrej Pavelec (STL)
3 - Steve Ott (STL)

Power Play

Flames - 0 on 6 Attempt(s) - 0.00%
Blues - 1 on 4 Attempt(s) - 25.00%

Penalty Kill

Flames - 3 on 4 Attempt(s) - 75.00% - Score 0 goal in Penalty Kill
Blues - 6 on 6 Attempt(s) - 100.00% - Score 0 goal in Penalty Kill

Official

Referees : Graham Skiliter and Tim Peel
Linesman : Tony Sericolo and Jean Morin

Game Notes

Barret Jackman is injured at 12:26 of 1st period (Sprained Left Ankle)
Mark Streit and Bryce Salvador fight to a draw at 13:51 of 1st period
Brent Burns and Toni Lydman fight to a draw at 17:56 of 1st period

Finance

Level 1 -- Attendance: 6500 (100.00%) -- Ticket Income $390,000
Level 2 -- Attendance: 5000 (100.00%) -- Ticket Income $150,000
Level 3 -- Attendance: 3500 (100.00%) -- Ticket Income $87,500
Level 4 -- Attendance: 2900 (95.96%) -- Ticket Income $43,500
Luxury Box -- Attendance: 1000 (100.00%) -- Ticket Income $120,000
Game was played at the Scottrade Center
Total Attendance: 18900 (99.36%)
Total Ticket Income: $791,000
Other Income: $118,650
Total Income: $909,650


% Time on Ice - Flames

Lines # - Real PCT - Wanted PCT - Time Play
Normal Forward
1 - 34% - 40% - 14:24
2 - 33% - 30% - 14:19
3 - 32% - 20% - 13:38
4 - 1% - 10% - 0:35
Normal Defense
1 - 33% - 40% - 14:10
2 - 34% - 30% - 14:29
3 - 29% - 20% - 12:16
4 - 5% - 10% - 2:01
PP Forward
1 - 57% - 60% - 6:16
2 - 43% - 40% - 4:49
PP Defense
1 - 68% - 60% - 7:29
2 - 32% - 40% - 3:36
PK Forward
1 - 73% - 60% - 4:23
2 - 27% - 40% - 1:36
PK Defense
1 - 51% - 60% - 3:02
2 - 49% - 40% - 2:57
PK3 Forward
1 - 0% - 60%
2 - 0% - 40%
PK3 Defense
1 - 0% - 60%
2 - 0% - 40%
44 Forward
1 - 0% - 60%
2 - 0% - 40%
44 Defense
1 - 0% - 60%
2 - 0% - 40%
Last Minute Offensive  - 0:00
Last Minute Defensive  - 0:00
Total
Forward - 60:00
Defense - 60:00

% Time on Ice - Blues

Lines # - Real PCT - Wanted PCT - Time Play
Normal Forward
1 - 31% - 40% - 13:11
2 - 37% - 30% - 15:51
3 - 24% - 20% - 10:27
4 - 8% - 10% - 3:27
Normal Defense
1 - 41% - 40% - 17:26
2 - 33% - 30% - 13:59
3 - 14% - 20% - 5:57
4 - 13% - 10% - 5:34
PP Forward
1 - 48% - 60% - 2:52
2 - 52% - 40% - 3:07
PP Defense
1 - 64% - 60% - 3:49
2 - 36% - 40% - 2:10
PK Forward
1 - 76% - 60% - 8:24
2 - 24% - 40% - 2:41
PK Defense
1 - 51% - 60% - 5:39
2 - 49% - 40% - 5:26
PK3 Forward
1 - 0% - 60%
2 - 0% - 40%
PK3 Defense
1 - 0% - 60%
2 - 0% - 40%
44 Forward
1 - 0% - 60%
2 - 0% - 40%
44 Defense
1 - 0% - 60%
2 - 0% - 40%
Last Minute Offensive  - 0:00
Last Minute Defensive  - 0:00
Total
Forward - 60:00
Defense - 60:00

Play by Play

1st period


0:01 of 1st period - Ryan Getzlaf wins face-off versus Anze Kopitar in neutral zone.
0:05 of 1st period - Minor Penalty to Steve Ott for Holding.
0:06 of 1st period - Mikael Samuelsson wins face-off versus Rick Nash in Blues zone.
0:22 of 1st period - Icing by Anze Kopitar.
0:23 of 1st period - Anze Kopitar wins face-off versus Brad Boyes in Flames zone.
0:48 of 1st period - Shot by Bryce Salvador.
0:48 of 1st period - Stopped by Ondrej Pavelec with a rebound.
0:50 of 1st period - Shot by Dan Boyle.
0:50 of 1st period - Shot Misses the Net.
1:00 of 1st period - Shot by Michael Ryder.
1:00 of 1st period - Stopped by Ondrej Pavelec without a rebound.
1:01 of 1st period - Shawn Horcoff wins face-off versus Rick Nash in Blues zone.
1:11 of 1st period - Icing by Toni Lydman.
1:12 of 1st period - Rick Nash wins face-off versus Shawn Horcoff in Flames zone.
2:09 of 1st period - Icing by Mark Fayne.
2:10 of 1st period - Jussi Jokinen wins face-off versus Anze Kopitar in Blues zone.
2:10 of 1st period - Jussi Jokinen is hit by Mikael Samuelsson.
2:49 of 1st period - Off-side.
2:50 of 1st period - Cody Hodgson wins face-off versus Ryan Getzlaf in neutral zone.
2:50 of 1st period - Erik Johnson is hit by Ryan Getzlaf and loses puck.
3:17 of 1st period - Rick Nash is hit by Cody Hodgson and loses puck.
3:21 of 1st period - Minor Penalty to Mark Streit for Holding.
3:22 of 1st period - Tomas Kopecky wins face-off versus Rick Nash in Blues zone.
4:20 of 1st period - Shot by Steve Ott.
4:20 of 1st period - Shot Misses the Net.
4:22 of 1st period - Shot by Barret Jackman.
4:22 of 1st period - Shot Misses the Net.
4:30 of 1st period - Shot by Christopher Higgins.
4:30 of 1st period - Shot Misses the Net.
6:30 of 1st period - Shot by Michael Ryder.
6:30 of 1st period - Stopped by Ondrej Pavelec without a rebound.
6:31 of 1st period - Jerred Smithson wins face-off versus Anze Kopitar in Blues zone.
7:14 of 1st period - Tomas Kopecky is hit by Brenden Morrow and loses puck.
7:24 of 1st period - Off-side.
7:25 of 1st period - Brad Boyes wins face-off versus Michael Grabner in neutral zone.
7:27 of 1st period - Off-side.
7:28 of 1st period - Jussi Jokinen wins face-off versus Cody Hodgson in neutral zone.
7:38 of 1st period - Shot by Michael Grabner.
7:38 of 1st period - Stopped by Ondrej Pavelec without a rebound.
7:39 of 1st period - Shawn Horcoff wins face-off versus Brad Boyes in Blues zone.
8:27 of 1st period - Minor Penalty to Shawn Horcoff for Hooking.
8:28 of 1st period - Ryan Getzlaf wins face-off versus Anze Kopitar in Flames zone.
8:29 of 1st period - Shot by Barret Jackman.
8:29 of 1st period - Goal by Barret Jackman - Flames : 0 - Blues : 1.
8:30 of 1st period - Ryan Getzlaf wins face-off versus Michael Ryder in neutral zone.
8:32 of 1st period - Off-side.
8:33 of 1st period - Rick Nash wins face-off versus Mikael Samuelsson in neutral zone.
8:51 of 1st period - Shot by Anze Kopitar.
8:51 of 1st period - Deflect By Michael Ryder.
8:51 of 1st period - Stopped by Ondrej Pavelec without a rebound.
8:52 of 1st period - Jussi Jokinen wins face-off versus Pierre-Marc Bouchard in Blues zone.
9:25 of 1st period - Icing by Brent Burns.
9:26 of 1st period - Anze Kopitar wins face-off versus Jussi Jokinen in Blues zone.
9:30 of 1st period - Anze Kopitar is hit by Sami Salo and loses puck.
9:36 of 1st period - Michael Ryder is hit by Brent Burns and loses puck.
9:54 of 1st period - Off-side.
9:55 of 1st period - Ryan Getzlaf wins face-off versus David Jones in neutral zone.
10:06 of 1st period - Barret Jackman is hit by David Jones and loses puck.
10:21 of 1st period - Shot by David Jones.
10:21 of 1st period - Shot Misses the Net.
10:33 of 1st period - Shot by Cody Hodgson.
10:33 of 1st period - Shot Misses the Net.
10:44 of 1st period - Icing by Rick Nash.
10:45 of 1st period - Steve Ott wins face-off versus Anze Kopitar in Blues zone.
11:12 of 1st period - Icing by Dan Boyle.
11:13 of 1st period - Anze Kopitar wins face-off versus Christopher Higgins in Flames zone.
11:55 of 1st period - Icing by Bryce Salvador.
11:56 of 1st period - Ryan Getzlaf wins face-off versus Anze Kopitar in Flames zone.
12:26 of 1st period - Shot by Pierre-Marc Bouchard.
12:26 of 1st period - Shot Blocked by Barret Jackman.
12:26 of 1st period - Barret Jackman from Blues is injured at 12:26 of 1st period (Sprained Left Ankle).
12:27 of 1st period - Brad Boyes wins face-off versus Cody Hodgson in Blues zone.
12:43 of 1st period - Cody Hodgson is hit by Alexander Radulov.
12:49 of 1st period - Shot by Alexander Radulov.
12:49 of 1st period - Stopped by Miikka Kiprusoff without a rebound.
12:50 of 1st period - Shawn Horcoff wins face-off versus Ryan Getzlaf in Flames zone.
13:48 of 1st period - Icing by Rick Nash.
13:49 of 1st period - Anze Kopitar wins face-off versus Rick Nash in Blues zone.
13:49 of 1st period - Bryce Salvador is hit by Andrei Markov and loses puck.
13:51 of 1st period - Mark Streit and Bryce Salvador fight to a draw.
13:51 of 1st period - Penalty to Mark Streit for Fighting.
13:51 of 1st period - Penalty to Bryce Salvador for Fighting.
13:52 of 1st period - Anze Kopitar wins face-off versus Jussi Jokinen in Blues zone.
13:53 of 1st period - Shot by Michael Ryder.
13:53 of 1st period - Shot Misses the Net.
13:55 of 1st period - Shot by Anze Kopitar.
13:55 of 1st period - Stopped by Ondrej Pavelec without a rebound.
13:56 of 1st period - Anze Kopitar wins face-off versus Jussi Jokinen in Blues zone.
15:12 of 1st period - Shot by Shawn Horcoff.
15:12 of 1st period - Stopped by Ondrej Pavelec without a rebound.
15:13 of 1st period - Ryan Getzlaf wins face-off versus Cody Hodgson in Blues zone.
15:20 of 1st period - Shot by Rick Nash.
15:20 of 1st period - Shot Misses the Net.
15:26 of 1st period - Shot by Michael Grabner.
15:26 of 1st period - Shot Misses the Net.
16:41 of 1st period - Shawn Horcoff is hit by Mark Fayne and loses puck.
17:11 of 1st period - Shot by Anze Kopitar.
17:11 of 1st period - Stopped by Ondrej Pavelec with a rebound.
17:13 of 1st period - Shot by Michael Ryder.
17:13 of 1st period - Shot Misses the Net.
17:15 of 1st period - Shot by Mikael Samuelsson.
17:15 of 1st period - Stopped by Ondrej Pavelec without a rebound.
17:16 of 1st period - Cody Hodgson wins face-off versus Jussi Jokinen in Blues zone.
17:16 of 1st period - Andrew MacDonald is hit by Kent Huskins and loses puck.
17:51 of 1st period - Off-side.
17:52 of 1st period - Alexander Radulov wins face-off versus Anze Kopitar in neutral zone.
17:56 of 1st period - Brent Burns and Toni Lydman fight to a draw.
17:56 of 1st period - Penalty to Brent Burns for Fighting.
17:56 of 1st period - Penalty to Toni Lydman for Fighting.
17:57 of 1st period - Brad Boyes wins face-off versus Anze Kopitar in Flames zone.
18:19 of 1st period - Yannick Weber is hit by Jack Johnson and loses puck.
18:27 of 1st period - Alexander Radulov is hit by Erik Johnson and loses puck.
18:32 of 1st period - Shot by Yannick Weber.
18:32 of 1st period - Shot Misses the Net.
18:50 of 1st period - Shot by Jussi Jokinen.
18:50 of 1st period - Shot Misses the Net.
18:52 of 1st period - Shot by Sami Salo.
18:52 of 1st period - Stopped by Miikka Kiprusoff without a rebound.
18:53 of 1st period - Tomas Kopecky wins face-off versus Jussi Jokinen in Flames zone.
19:57 of 1st period - Shot by Michael Grabner.
19:57 of 1st period - Stopped by Ondrej Pavelec without a rebound.
19:58 of 1st period - Rick Nash wins face-off versus Stephane Da Costa in Blues zone.

2nd period


0:01 of 2nd period - Anze Kopitar wins face-off versus Rick Nash in neutral zone.
0:26 of 2nd period - Shot by Ryan Getzlaf.
0:26 of 2nd period - Deflect By Rick Nash.
0:26 of 2nd period - Shot Blocked by Dan Boyle.
0:38 of 2nd period - Shot by Rick Nash.
0:38 of 2nd period - Stopped by Miikka Kiprusoff with a rebound.
0:40 of 2nd period - Shot by Mark Fayne.
0:40 of 2nd period - Stopped by Miikka Kiprusoff without a rebound.
0:41 of 2nd period - Brad Boyes wins face-off versus Pierre-Marc Bouchard in Flames zone.
0:59 of 2nd period - Off-side.
1:00 of 2nd period - Jussi Jokinen wins face-off versus Cody Hodgson in neutral zone.
1:30 of 2nd period - Shot by Michael Grabner.
1:30 of 2nd period - Stopped by Ondrej Pavelec with a rebound.
1:40 of 2nd period - Shot by Michael Grabner.
1:40 of 2nd period - Stopped by Ondrej Pavelec without a rebound.
1:41 of 2nd period - Ryan Getzlaf wins face-off versus Michael Ryder in Blues zone.
1:48 of 2nd period - Shot by Steve Ott.
1:48 of 2nd period - Shot Misses the Net.
1:50 of 2nd period - Shot by Ryan Getzlaf.
1:50 of 2nd period - Goal by Ryan Getzlaf - Flames : 0 - Blues : 2.
1:51 of 2nd period - Tomas Kopecky wins face-off versus Ryan Getzlaf in neutral zone.
2:04 of 2nd period - Icing by Shawn Horcoff.
2:05 of 2nd period - Shawn Horcoff wins face-off versus Brad Boyes in Flames zone.
2:29 of 2nd period - Icing by Jake Gardiner.
2:30 of 2nd period - Ryan Getzlaf wins face-off versus Shawn Horcoff in Flames zone.
3:16 of 2nd period - Icing by Andrei Markov.
3:17 of 2nd period - Anze Kopitar wins face-off versus Ryan Getzlaf in Blues zone.
3:40 of 2nd period - Shot by Todd Bertuzzi.
3:40 of 2nd period - Stopped by Miikka Kiprusoff without a rebound.
3:41 of 2nd period - Brad Boyes wins face-off versus Cody Hodgson in Flames zone.
3:48 of 2nd period - Shot by Alexander Radulov.
3:48 of 2nd period - Shot Blocked by Jack Johnson.
4:06 of 2nd period - Shot by Brad Boyes.
4:06 of 2nd period - Stopped by Miikka Kiprusoff without a rebound.
4:07 of 2nd period - Jussi Jokinen wins face-off versus Anze Kopitar in Flames zone.
4:11 of 2nd period - Christopher Higgins is hit by Bryce Salvador and loses puck.
4:55 of 2nd period - Off-side.
4:56 of 2nd period - Shawn Horcoff wins face-off versus Ryan Getzlaf in neutral zone.
5:05 of 2nd period - Icing by Rick Nash.
5:06 of 2nd period - Ryan Getzlaf wins face-off versus Cody Hodgson in Blues zone.
5:15 of 2nd period - Shot by Steve Ott.
5:15 of 2nd period - Goal by Steve Ott - Flames : 0 - Blues : 3.
5:16 of 2nd period - Jerred Smithson wins face-off versus Shawn Horcoff in neutral zone.
5:16 of 2nd period - Jerred Smithson is hit by Tomas Kopecky.
5:45 of 2nd period - Shot by Rick Nash.
5:45 of 2nd period - Shot Misses the Net.
5:47 of 2nd period - Shot by Rick Nash.
5:47 of 2nd period - Shot Blocked by Jack Johnson.
6:08 of 2nd period - Alexander Radulov is hit by Jack Johnson and loses puck.
6:59 of 2nd period - Shot by Dan Boyle.
6:59 of 2nd period - Stopped by Ondrej Pavelec without a rebound.
7:00 of 2nd period - Cody Hodgson wins face-off versus Christopher Higgins in Blues zone.
7:14 of 2nd period - Michael Grabner is hit by Andrei Markov and loses puck.
7:17 of 2nd period - Shot by Michael Grabner.
7:17 of 2nd period - Deflect By Cody Hodgson.
7:17 of 2nd period - Shot Misses the Net.
7:20 of 2nd period - Minor Penalty to Andrei Markov for Roughing.
7:21 of 2nd period - Anze Kopitar wins face-off versus Rick Nash in Blues zone.
7:22 of 2nd period - Shot by Dan Boyle.
7:22 of 2nd period - Shot Misses the Net.
7:37 of 2nd period - Icing by Bryce Salvador.
7:38 of 2nd period - Anze Kopitar wins face-off versus Rick Nash in Flames zone.
7:55 of 2nd period - Shot by Anze Kopitar.
7:55 of 2nd period - Shot Misses the Net.
8:02 of 2nd period - Icing by Bryce Salvador.
8:03 of 2nd period - Anze Kopitar wins face-off versus Rick Nash in Flames zone.
8:10 of 2nd period - Ryan Getzlaf is hit by Mikael Samuelsson and loses puck.
8:18 of 2nd period - Icing by Anze Kopitar.
8:19 of 2nd period - Anze Kopitar wins face-off versus Rick Nash in Flames zone.
8:32 of 2nd period - Shot by Rick Nash.
8:32 of 2nd period - Shot Blocked by Dan Boyle.
8:34 of 2nd period - Shot by Kent Huskins.
8:34 of 2nd period - Deflect By Rick Nash.
8:34 of 2nd period - Shot Blocked by Dan Boyle.
8:36 of 2nd period - Shot by Kent Huskins.
8:36 of 2nd period - Stopped by Miikka Kiprusoff without a rebound.
8:37 of 2nd period - Shawn Horcoff wins face-off versus Steve Ott in Flames zone.
8:49 of 2nd period - Icing by Toni Lydman.
8:50 of 2nd period - Ryan Getzlaf wins face-off versus Shawn Horcoff in Flames zone.
8:51 of 2nd period - Shot by Rick Nash.
8:51 of 2nd period - Shot Misses the Net.
8:59 of 2nd period - Shot by Jack Johnson.
8:59 of 2nd period - Shot Misses the Net.
9:01 of 2nd period - Shot by Toni Lydman.
9:01 of 2nd period - Stopped by Ondrej Pavelec without a rebound.
9:02 of 2nd period - Mikael Samuelsson wins face-off versus Rick Nash in Blues zone.
9:03 of 2nd period - Shot by Dan Boyle.
9:03 of 2nd period - Shot Misses the Net.
9:05 of 2nd period - Shot by Bryce Salvador.
9:05 of 2nd period - Stopped by Ondrej Pavelec without a rebound.
9:06 of 2nd period - Anze Kopitar wins face-off versus Rick Nash in Blues zone.
9:26 of 2nd period - Icing by Mark Fayne.
9:27 of 2nd period - Stephane Da Costa wins face-off versus Jussi Jokinen in Blues zone.
9:34 of 2nd period - Shot by Anze Kopitar.
9:34 of 2nd period - Stopped by Ondrej Pavelec without a rebound.
9:35 of 2nd period - Anze Kopitar wins face-off versus Jussi Jokinen in Blues zone.
9:35 of 2nd period - Anze Kopitar is hit by Mark Fayne.
9:46 of 2nd period - Christopher Higgins is hit by Bryce Salvador and loses puck.
10:21 of 2nd period - Icing by Anze Kopitar.
10:22 of 2nd period - Ryan Getzlaf wins face-off versus Michael Ryder in Flames zone.
10:25 of 2nd period - Shot by Steve Ott.
10:25 of 2nd period - Shot Misses the Net.
10:40 of 2nd period - Minor Penalty to Tomas Kopecky for High sticking.
10:41 of 2nd period - Anze Kopitar wins face-off versus Ryan Getzlaf in Flames zone.
10:52 of 2nd period - Shot by Mark Streit.
10:52 of 2nd period - Stopped by Miikka Kiprusoff without a rebound.
10:53 of 2nd period - Anze Kopitar wins face-off versus Jussi Jokinen in Flames zone.
11:26 of 2nd period - Icing by Brent Burns.
11:27 of 2nd period - Jussi Jokinen wins face-off versus Anze Kopitar in Blues zone.
11:36 of 2nd period - Shot by Brent Burns.
11:36 of 2nd period - Shot Misses the Net.
11:42 of 2nd period - Shot by Jussi Jokinen.
11:42 of 2nd period - Shot Misses the Net.
11:44 of 2nd period - Shot by Christopher Higgins.
11:44 of 2nd period - Shot Misses the Net.
12:49 of 2nd period - Shot by Michael Grabner.
12:49 of 2nd period - Shot Misses the Net.
13:01 of 2nd period - Shot by Michael Grabner.
13:01 of 2nd period - Shot Blocked by Kent Huskins.
14:48 of 2nd period - Rick Nash is hit by Michael Ryder.
14:59 of 2nd period - Icing by Bryce Salvador.
15:00 of 2nd period - Anze Kopitar wins face-off versus Brad Boyes in Flames zone.
15:00 of 2nd period - Anze Kopitar is hit by Yannick Weber.
16:33 of 2nd period - Icing by Jack Johnson.
16:34 of 2nd period - Ryan Getzlaf wins face-off versus Shawn Horcoff in Flames zone.
16:56 of 2nd period - Minor Penalty to Tomas Kopecky for Tripping.
16:57 of 2nd period - Ryan Getzlaf wins face-off versus Anze Kopitar in Flames zone.
17:00 of 2nd period - Shot by Mark Fayne.
17:00 of 2nd period - Stopped by Miikka Kiprusoff with a rebound.
17:02 of 2nd period - Shot by Steve Ott.
17:02 of 2nd period - Stopped by Miikka Kiprusoff without a rebound.
17:03 of 2nd period - Jussi Jokinen wins face-off versus Anze Kopitar in Flames zone.
17:35 of 2nd period - Shot by Jussi Jokinen.
17:35 of 2nd period - Stopped by Miikka Kiprusoff with a rebound.
18:10 of 2nd period - Off-side.
18:11 of 2nd period - Mikael Samuelsson wins face-off versus Ryan Getzlaf in neutral zone.
19:37 of 2nd period - Icing by Michael Grabner.
19:38 of 2nd period - Cody Hodgson wins face-off versus Jussi Jokinen in Flames zone.

3rd period


0:01 of 3rd period - Ryan Getzlaf wins face-off versus Anze Kopitar in neutral zone.
0:10 of 3rd period - Steve Ott is hit by Mikael Samuelsson and loses puck.
0:11 of 3rd period - Minor Penalty to Anze Kopitar for Roughing.
0:12 of 3rd period - Jussi Jokinen wins face-off versus Michael Grabner in Flames zone.
0:12 of 3rd period - Todd Bertuzzi is hit by Bryce Salvador and loses puck.
1:43 of 3rd period - Off-side.
1:44 of 3rd period - Jussi Jokinen wins face-off versus Michael Grabner in neutral zone.
2:39 of 3rd period - Brad Boyes is hit by Erik Johnson and loses puck.
3:13 of 3rd period - Icing by Toni Lydman.
3:14 of 3rd period - Cody Hodgson wins face-off versus Ryan Getzlaf in Flames zone.
3:14 of 3rd period - Jack Johnson is hit by Steve Ott and loses puck.
3:27 of 3rd period - Shot by Steve Ott.
3:27 of 3rd period - Deflect By Rick Nash.
3:27 of 3rd period - Stopped by Miikka Kiprusoff without a rebound.
3:28 of 3rd period - Anze Kopitar wins face-off versus Jussi Jokinen in Flames zone.
3:32 of 3rd period - Off-side.
3:33 of 3rd period - Anze Kopitar wins face-off versus Ryan Getzlaf in neutral zone.
3:40 of 3rd period - Shot by Anze Kopitar.
3:40 of 3rd period - Shot Misses the Net.
3:46 of 3rd period - Shot by Michael Ryder.
3:46 of 3rd period - Goal by Michael Ryder - Flames : 1 - Blues : 3.
3:47 of 3rd period - Jussi Jokinen wins face-off versus Michael Grabner in neutral zone.
4:08 of 3rd period - Off-side.
4:09 of 3rd period - Ryan Getzlaf wins face-off versus Anze Kopitar in neutral zone.
4:16 of 3rd period - Shot by Rick Nash.
4:16 of 3rd period - Shot Misses the Net.
4:27 of 3rd period - Off-side.
4:28 of 3rd period - Shawn Horcoff wins face-off versus Todd Bertuzzi in neutral zone.
4:39 of 3rd period - Shot by Pierre-Marc Bouchard.
4:39 of 3rd period - Stopped by Ondrej Pavelec without a rebound.
4:40 of 3rd period - Anze Kopitar wins face-off versus Ryan Getzlaf in Blues zone.
4:53 of 3rd period - Shot by Bryce Salvador.
4:53 of 3rd period - Shot Misses the Net.
5:04 of 3rd period - Shot by Mark Fayne.
5:04 of 3rd period - Stopped by Miikka Kiprusoff without a rebound.
5:05 of 3rd period - Shawn Horcoff wins face-off versus Jussi Jokinen in Flames zone.
5:19 of 3rd period - Pierre-Marc Bouchard is hit by Brent Burns and loses puck.
5:35 of 3rd period - Shot by Shawn Horcoff.
5:35 of 3rd period - Shot Misses the Net.
6:02 of 3rd period - Shot by Michael Ryder.
6:02 of 3rd period - Stopped by Ondrej Pavelec without a rebound.
6:03 of 3rd period - Ryan Getzlaf wins face-off versus Anze Kopitar in Blues zone.
6:09 of 3rd period - Michael Ryder is hit by Mark Fayne and loses puck.
6:15 of 3rd period - Minor Penalty to Mark Fayne for Diving.
6:16 of 3rd period - Anze Kopitar wins face-off versus Rick Nash in Blues zone.
6:36 of 3rd period - Icing by Anze Kopitar.
6:37 of 3rd period - Rick Nash wins face-off versus Michael Ryder in Flames zone.
6:41 of 3rd period - Icing by Dan Boyle.
6:42 of 3rd period - Rick Nash wins face-off versus Anze Kopitar in Flames zone.
6:56 of 3rd period - Mikael Samuelsson is hit by Brent Burns and loses puck.
7:18 of 3rd period - Anze Kopitar is hit by Sami Salo and loses puck.
7:35 of 3rd period - Shot by Shawn Horcoff.
7:35 of 3rd period - Shot Hit the Post.
7:37 of 3rd period - Shot by Jack Johnson.
7:37 of 3rd period - Shot Misses the Net.
7:39 of 3rd period - Shot by Shawn Horcoff.
7:39 of 3rd period - Shot Misses the Net.
7:47 of 3rd period - Shot by Jack Johnson.
7:47 of 3rd period - Shot Blocked by Sami Salo.
7:49 of 3rd period - Shot by Toni Lydman.
7:49 of 3rd period - Shot Misses the Net.
7:51 of 3rd period - Shot by Shawn Horcoff.
7:51 of 3rd period - Shot Blocked by Brent Burns.
8:49 of 3rd period - Icing by Andrew MacDonald.
8:50 of 3rd period - Cody Hodgson wins face-off versus Brad Boyes in Flames zone.
8:56 of 3rd period - Off-side.
8:57 of 3rd period - Brad Boyes wins face-off versus Anze Kopitar in neutral zone.
9:06 of 3rd period - Shot by Anze Kopitar.
9:06 of 3rd period - Shot Hit the Post.
10:04 of 3rd period - Jussi Jokinen is hit by Toni Lydman.
11:04 of 3rd period - Shot by Rick Nash.
11:04 of 3rd period - Shot Blocked by Andrew MacDonald.
11:34 of 3rd period - Minor Penalty to Yannick Weber for Hooking.
11:35 of 3rd period - Michael Ryder wins face-off versus Brad Boyes in Blues zone.
12:49 of 3rd period - Shot by Jack Johnson.
12:49 of 3rd period - Stopped by Ondrej Pavelec without a rebound.
12:50 of 3rd period - Shawn Horcoff wins face-off versus Rick Nash in Blues zone.
12:53 of 3rd period - Shot by Tomas Kopecky.
12:53 of 3rd period - Stopped by Ondrej Pavelec without a rebound.
12:54 of 3rd period - Rick Nash wins face-off versus Shawn Horcoff in Blues zone.
13:26 of 3rd period - Shot by Pierre-Marc Bouchard.
13:26 of 3rd period - Stopped by Ondrej Pavelec without a rebound.
13:27 of 3rd period - Anze Kopitar wins face-off versus Rick Nash in Blues zone.
13:55 of 3rd period - Icing by Andrew MacDonald.
13:56 of 3rd period - Jussi Jokinen wins face-off versus Cody Hodgson in Flames zone.
14:02 of 3rd period - Icing by Erik Johnson.
14:03 of 3rd period - Jussi Jokinen wins face-off versus Cody Hodgson in Flames zone.
14:11 of 3rd period - David Jones is hit by Brent Burns and loses puck.
14:29 of 3rd period - Icing by Andrew MacDonald.
14:30 of 3rd period - Cody Hodgson wins face-off versus Ryan Getzlaf in Flames zone.
14:30 of 3rd period - Cody Hodgson is hit by Ryan Getzlaf.
16:06 of 3rd period - Icing by Sami Salo.
16:07 of 3rd period - Shawn Horcoff wins face-off versus Jussi Jokinen in Blues zone.
16:07 of 3rd period - Shawn Horcoff is hit by Brent Burns.
16:45 of 3rd period - Shot by Pierre-Marc Bouchard.
16:45 of 3rd period - Stopped by Ondrej Pavelec with a rebound.
16:47 of 3rd period - Shot by Tomas Kopecky.
16:47 of 3rd period - Stopped by Ondrej Pavelec without a rebound.
16:48 of 3rd period - Ryan Getzlaf wins face-off versus Mikael Samuelsson in Blues zone.
16:48 of 3rd period - Ryan Getzlaf is hit by Michael Ryder.
17:10 of 3rd period - Shot by Rick Nash.
17:10 of 3rd period - Stopped by Miikka Kiprusoff with a rebound.
18:49 of 3rd period - Minor Penalty to Alexander Radulov for High sticking.
18:50 of 3rd period - Brad Boyes wins face-off versus Anze Kopitar in Blues zone.
19:11 of 3rd period - Shot by Dan Boyle.
19:11 of 3rd period - Stopped by Ondrej Pavelec without a rebound.
19:12 of 3rd period - Anze Kopitar wins face-off versus Brad Boyes in Blues zone.
19:29 of 3rd period - Brad Boyes is hit by Mikael Samuelsson and loses puck.


Output by the SimonT Hockey Simulator (STHS) for Stephane Roy -- Original Page W3C XHTML 1.0 Valid
Hockey Simulator - Hockey Simulation - Hockey Manager